AoeStats
← Omnipotent H

African Clearing

513063243Analyzed
2v2 RM · 3d ago on Oct 12, 2026· 34m 58s· 4 players
Game mode
Random Map
Map size
Medium (4 player)
Population
200
Speed
Normal
Resources
Standard
Victory
Conquest
Starting age
Dark Age
Ending age
Imperial Age
RankedLock teamsTeams togetherTeam positionsShared explorationLock speedFull tech treeHidden civsTurbo modeCheats
Victory
Defeat
🇺🇸 Saxons · United States
1501
+12
🇺🇸 Danes · United States
1501
+12
vs
🇦🇷 Mongols · Argentina
1477
-14
🇦🇷 Magyars · Argentina
1345
-26
Omnipotent H
7:40 Loom
12:16 Feudal Age
16:32 Castle Age
15:20 Gold Mining
15:20 Double-Bit Axe
16:21 Scale Mail Armor
16:40 Gold Mining
21:39 Horse Collar
25:28 Squires
26:03 Sanctity
28:15 Chain Mail Armor
28:42 Gambesons
29:17 Fletching
31:37 Town Watch
33:10 Bow Saw
34:06 Ballistics
34:52 Forging
35:41 Wheelbarrow
wisemethuselah
3:14 Loom
13:51 Feudal Age
14:43 Town Watch
18:05 Castle Age
19:03 Double-Bit Axe
19:01 Horse Collar
19:34 Squires
19:20 Arson
22:06 Wheelbarrow
31:31 Scale Mail Armor
33:25 Chain Mail Armor
33:21 Forging
33:59 Hamask
Baobab
3:20 Loom
12:00 Feudal Age
22:03 Castle Age
23:40 Double-Bit Axe
25:31 Double-Bit Axe
30:18 Padded Archer Armor
32:06 Bow Saw
31:51 Gold Mining
32:53 Fletching
35:24 Wheelbarrow
34:32 Horse Collar
TuCumanodeElite
7:34 Loom
14:09 Feudal Age
15:35 Double-Bit Axe
17:51 Castle Age
16:55 Horse Collar
18:19 Fletching
19:02 Bodkin Arrow
19:48 Husbandry
23:35 Bow Saw
23:12 Town Watch
25:14 Padded Archer Armor
25:26 Bloodlines
29:34 Gold Mining
30:16 Forging
Connection lost

Rejoining the realm…

Still unreachable

The connection could not be restored.

Session expired

The server has moved on; the page needs a fresh start.